 Dungeon Crawl Stone Soup version 0.16.2-12-gd0ad4c3 (webtiles) character file.

159 Peloso the Shield-Bearer (level 5, -6/46 HPs)
             Began as a Minotaur Fighter on Sept 26, 2015.
             Mangled by a kobold
             ... wielding a +0 dagger of electrocution
              (19 damage)
             ... on level 3 of the Dungeon.
             The game lasted 00:05:32 (1243 turns).

Peloso the Shield-Bearer (Minotaur Fighter)         Turns: 1243, Time: 00:05:32

Health: -6/46      AC: 10    Str: 21    XL:     5   Next: 17%
Magic:  2/2        EV:  6    Int:  5    God:
Gold:   211        SH: 11    Dex: 10    Spells: 0 memorised, 4 levels left

rFire  . . .     SeeInvis .     a - +0 long sword
rCold  . . .     Clarity  .     l - +0 chain mail
rNeg   . . .     SustAb   .     c - +1 shield
rPois  .         Gourm    .     (helmet restricted)
rElec  .         Spirit   .     m - +0 cloak (curse)
rCorr  .         Warding  .     (no gloves)
rMut   .         Stasis   .     (no boots)
MR     .....                    (no amulet)
Stlth  ..........               (no ring)
                                (no ring)

@: not resistant to hostile enchantments, extremely unstealthy
A: retaliatory headbutt, horns 2
a: no special abilities


You were on level 3 of the Dungeon.
You were not hungry.

You visited 1 branch of the dungeon, and saw 3 of its levels.

You collected 211 gold pieces.

Inventory:

Hand weapons
 a - a +0 long sword (weapon)
Armour
 c - a +1 shield (worn)
 l - a +0 chain mail (worn)
 m - a cursed +0 cloak (worn)
Scrolls
 g - 3 scrolls of recharging
 s - 2 scrolls of identify
 v - a scroll of remove curse
Potions
 e - a potion of might
 i - a potion of brilliance
 j - a potion of cancellation {unknown}
 k - a potion of agility {unknown}
 o - a potion of mutation {unknown}
 t - a potion of poison {unknown}
 u - a potion of curing {unknown}
Comestibles
 d - 2 bread rations
 f - 2 slices of pizza
 h - 2 meat rations


   Skills:
 + Level 4.3 Fighting
 + Level 3.8 Long Blades
 + Level 4.2 Armour
 + Level 1.4 Dodging
 + Level 0.3 Stealth
 + Level 5.0 Shields


You had 4 spell levels left.
You didn't know any spells.

Dungeon Overview and Level Annotations

Branches:
Dungeon (3/15)

Altars:


Innate Abilities, Weirdness & Mutations

You reflexively headbutt those who attack you in melee.
You have a pair of horns on your head.


Message History

There is a stone staircase leading up here.
The kobold throws a stone.
The stone closely misses you.
Found a hand axe.
Found 6 gold pieces.
You miss the kobold. Your headbutt misses the kobold.
The kobold hits you but does no damage.
You closely miss the kobold. Your headbutt misses the kobold.
The kobold hits you but does no damage.
You are electrocuted!
You closely miss the kobold. You block the kobold's attack.
The kobold hits you but does no damage.
You are electrocuted!
You hit the kobold but do no damage.
The kobold hits you with a dagger of electrocution.
* * * LOW HITPOINT WARNING * * *
You closely miss the kobold. You headbutt the kobold.
The kobold is heavily wounded.
You block the kobold's attack.
Your shield and chain mail prevent you from hitting the kobold.
The kobold is heavily wounded.
The kobold hits you but does no damage.
You are electrocuted!
You die...

. ..$ .....
##### #....#
#...# #....
#...###K.####..
#.....@........
#.......#####..
#..<#.....#
######.##..).
..# ###.. ###


You could see a kobold.

Vanquished Creatures
  Crazy Yiuf (D:2)
  Jessica (D:2)
  Terence (D:2)
  3 gnolls (D:2)
  An adder (D:2)
  A worm (D:2)
  A giant gecko (D:1)
  8 bats
  3 giant cockroaches (D:1)
  2 goblins
  11 hobgoblins
  4 jackals (D:2)
  2 quokkas (D:2)
  2 giant newts (D:1)
  6 kobolds
  10 rats
57 creatures vanquished.

Notes
Turn   | Place    | Note
--------------------------------------------------------------
     0 | D:1      | Peloso, the Minotaur Fighter, began the quest for the Orb.
     0 | D:1      | Reached XP level 1. HP: 19/19 MP: 1/1
   123 | D:1      | Reached XP level 2. HP: 22/27 MP: 1/1
   173 | D:1      | Reached skill level 4 in Fighting
   370 | D:1      | Reached XP level 3. HP: 31/33 MP: 2/2
   606 | D:2      | Noticed Jessica
   623 | D:2      | Killed Jessica
   623 | D:2      | Reached skill level 1 in Dodging
   695 | D:2      | Noticed Terence
   696 | D:2      | Noticed Crazy Yiuf
   711 | D:2      | Killed Terence
   711 | D:2      | Reached XP level 4. HP: 23/40 MP: 2/2
   718 | D:2      | Killed Crazy Yiuf
   929 | D:2      | Reached skill level 5 in Shields
   978 | D:2      | Reached XP level 5. HP: 44/46 MP: 2/2
  1243 | D:3      | Mangled by a kobold

Action                   |  1- 3 |  4- 6 || total
-------------------------+-------+-------++-------
Melee: Long sword        |   109 |    80 ||   189
       Whip              |     3 |       ||     3
  Use: Scroll            |     3 |     4 ||     7
  Eat: Chunk             |       |     2 ||     2
